 Dungeon Crawl Stone Soup version 0.28-a0-1555-g9ae15a6949 (webtiles) character file.

Game seed: 113559037618051864

62 HallandMoats the Skirmisher (level 4, -1/40 HPs)
             Began as a Ghoul Monk on Jan 18, 2022.
             Slain by a kobold (5 damage)
             ... on level 4 of the Dungeon.
             The game lasted 00:02:49 (3438 turns).

HallandMoats the Skirmisher (Ghoul Monk)            Turns: 3438, Time: 00:02:49

Health: -1/40      AC:  3    Str: 16    XL:     4   Next: 8%
Magic:  3/3        EV: 12    Int:  5    God:
Gold:   140        SH:  0    Dex: 11    Spells: 3/3 levels left

rFire   . . .      SeeInvis +   a - +0 hand axe
rCold   + . .      Faith    .   (no shield)
rNeg    + + +      Spirit   .   b - +0 robe
rPois   ∞          Reflect  .   d - +0 helmet {SInv}
rElec   .          Harm     .   (no cloak)
rCorr   .          Rampage  .   (no gloves)
Will    .....                   (no boots)
Stlth   ++........              (no amulet)
HPRegen 0.00/turn               (no ring)
MPRegen 0.08/turn               (no ring)

@: inhibited regen
A: claws 1, cold resistance 1, negative energy resistance 3, inhibited
regeneration, torment resistance 2
a: no special abilities


You were on level 4 of the Dungeon.
You visited 1 branch of the dungeon, and saw 4 of its levels.

You collected 140 gold pieces.

Inventory:

Hand Weapons
 a - a +0 hand axe (weapon)
Armour
 b - a +0 robe (worn)
 d - a +0 helmet of see invisible (worn)
Wands
 g - a wand of iceblast (10)
Scrolls
 c - 2 scrolls of noise {unknown}
 f - a scroll of blinking {unknown}
 h - a scroll of magic mapping {unknown}
 i - 2 scrolls of immolation {unknown}
 j - a scroll of enchant armour {unknown}
 l - 2 scrolls of identify {unknown}
 m - a scroll of teleportation {unknown}
 o - a scroll of amnesia {unknown}
Potions
 e - 2 potions of curing {unknown}
 k - a potion of haste {unknown}
 n - a potion of flight {unknown}


   Skills:
 * Level 4.1 Fighting
 * Level 3.3 Axes
 + Level 1.0 Armour
 + Level 3.1 Dodging
 - Level 2.1 Stealth


You had 3 spell levels left.
You didn't know any spells.
Your spell library contained the following spells:

 Spells                   Type           Power      Damage    Failure   Level
 Foxfire                  Conj/Fire      0%         2x1d4     47%         1
 Conjure Flame            Conj/Fire      0%         6-21      85%         3
 Inner Flame              Hex/Fire       0%         N/A       85%         3
 Flame Wave               Conj/Fire      0%         2d4       99%         4


Dungeon Overview and Level Annotations

Branches:
Dungeon (4/15)
 Temple: D:4-7

Altars:
Cheibriados

Shops:
D:2 ?:=(!


Innate Abilities, Weirdness & Mutations

You thrive by killing the living.
You are immune to poison.
You have sharp fingernails.
Your flesh is cold resistant. (rC+)
You are immune to negative energy. (rN+++)
You do not regenerate when monsters are visible.
You are immune to unholy pain and torment.


Message History

Search for what [? for help]? armor A jelly comes into view.
The jelly quivers.
A jelly is nearby!
A jelly is nearby!
A jelly is nearby!
The jelly jiggles.
The jelly barely misses you.
You hit the jelly.
Your claws burn!
The jelly is lightly wounded.
The jelly closely misses you.
You hit the jelly but do no damage.
Your claws burn!
The jelly is lightly wounded.
The jelly hits you.
You are splashed with acid!
You hit the jelly. The acid corrodes you!
Your claws burn!
The jelly is moderately wounded.
The jelly closely misses you.
You hit the jelly but do no damage.
Your claws burn!
The jelly is moderately wounded.
The jelly closely misses you.
You are too injured to fight recklessly!
You are too injured to fight recklessly!
You are too injured to fight recklessly!
You are too injured to fight recklessly!
You are too injured to fight recklessly!
You are too injured to fight recklessly!
You are too injured to fight recklessly!
Found 2 silvery potions.
The jelly hits you.
You are splashed with acid!
* * * LOW HITPOINT WARNING * * *
A kobold comes into view. It is wielding a +0 whip.
The kobold shouts!
The kobold hits you with a +0 whip.
* * * LOW HITPOINT WARNING * * *
You miss the kobold. You hit the jelly but do no damage.
Your claws burn!
* * * LOW HITPOINT WARNING * * *
You are no longer corroded.
The jelly misses you. The kobold barely misses you.
The kobold hits you with a +0 whip.
You die...

##<............#
#.......#.###.##
##.......### .
#.......$####..
##........#....
#.....##.....#
##...###...###
##..##.K..#
#.....J@.##
#......#.#
#.!..###...
###... .....
####. .....# .
.....# #.......
...####


You could see a jelly and a kobold.

Vanquished Creatures
  An adder (D:3)
  2 worms (D:2)
  A dart slug (D:2)
  3 ball pythons
  2 bats
  5 endoplasms
  A giant cockroach (D:2)
  3 goblins
  4 hobgoblins
  7 kobolds
  4 quokkas
  5 frilled lizards
  5 rats
43 creatures vanquished.

Notes
Turn   | Place    | Note
-------+----------+-------------------------------------------
     0 | D:1      | HallandMoats the Ghoul Monk began the quest for the Orb.
     0 | D:1      | Reached XP level 1. HP: 19/19 MP: 0/0
   480 | D:1      | Reached XP level 2. HP: 18/26 MP: 1/1
  1130 | D:2      | Found Govoso's Distillery.
  1420 | D:2      | Reached XP level 3. HP: 32/33 MP: 2/2
  1468 | D:2      | Found Wamei's Jewellery Boutique.
  1485 | D:2      | Found Udeik's Book Shoppe.
  1541 | D:2      | Found Kolulo's Magic Scroll Boutique.
  1554 | D:2      | Found Vunilic's Weapon Shop.
  1656 | D:2      | Found a snail-covered altar of Cheibriados.
  2817 | D:3      | Reached skill level 4 in Fighting
  3029 | D:3      | Reached skill level 1 in Armour
  3029 | D:3      | Reached XP level 4. HP: 18/40 MP: 3/3
  3438 | D:4      | Slain by a kobold

Illustrated notes

Levels and vault maps discovered:
D:1:      minmay_arrival_arboretum_large, layout_rooms, serial_forest,
          infiniplex_forest_pool, infiniplex_forest_lined_4_way,
          infiniplex_forest_end_1, infiniplex_forest_diagonal,
          infiniplex_forest_lined_3, infiniplex_forest_clump_tiny,
          infiniplex_forest_end_1
D:2:      layout_basic, serial_shops, nicolae_shop_bloodbath_and_beyond,
          shop_coins, nicolae_shop_waterfront, nicolae_lakefront_shop,
          nicolae_square_shop, basic_altar, minmay_misc_feat_roman
D:3:      layout_loops_corners
D:4:      layout_cave_pools

Skill      XL: |  1  2  3 |
---------------+----------+-----
Axes           | 3 |  3.3
Dodging        | 3 |  3.1
Fighting       | 4 |  4.1
Armour         | 1 |  1.0
Stealth        | |  2.1

Action                   |  1- 3 |  4- 6 || total
-------------------------+-------+-------++-------
Melee: Hand axe          |   144 |     7 ||   151
 Stab: Sleeping          |     8 |       ||     8
Armor: Robe              |    26 |     1 ||    27
Dodge: Dodged            |    81 |     6 ||    87

Table legend: (Time is in decaauts)
 A = Elapsed time spent in this place.
 B = Non-inter-level travel time spent in this place.
 C = Inter-level travel time spent in this place.
 D = Time resting spent in this place.
 E = Time spent auto-exploring this place.
 F = Levels seen in this place.
 G = Mean time per level.
                   A        B        C        D        E       F      G
               +--------+--------+--------+--------+--------+-----+--------+
         Total |   3461 |   3393 |     68 |     75 |   2887 |   4 |  865.2 |
       Dungeon |   3461 |   3393 |     68 |     75 |   2887 |   4 |  865.2 |
               +--------+--------+--------+--------+--------+-----+--------+

Top non-repeatable levels by time:
     D:2: 1475 daAuts
     D:3: 1095 daAuts
     D:1: 866 daAuts
     D:4: 23 daAuts
